 Dungeon Crawl Stone Soup version 0.27-a0-1149-g4505690ab0 (webtiles) character file.

Game seed: 12961202086481190597

680330 HagarQim the Gargoyle Porcupine (level 27, -15/298 HPs)
             Began as a Gargoyle Monk on May 11, 2021.
             Was the Champion of Okawaru.
             Demolished by an Orb Guardian (18 damage)
             ... on level 5 of the Realm of Zot on May 13, 2021.
             The game lasted 07:46:16 (85144 turns).

HagarQim the Gargoyle Porcupine (Gargoyle Monk)    Turns: 85144, Time: 07:46:19

Health: -15/298    AC: 85    Str: 25    XL:     27
Magic:  24/24      EV: 12    Int: 27    God:    Okawaru [******]
Gold:   8357       SH:  5    Dex: 19    Spells: 26/26 levels left

rFire    + . .     SeeInvis +   M - +10 bardiche "Lameoturch" {drain, rC+ Dex+6}
rCold    + + +     Faith    .   (shield currently unavailable)
rNeg     + . .     Spirit   .   H - +17 crystal plate armour of Ornamental Miracles {rCorr Dex-2 SInv}
rPois    ∞         Reflect  +   o - +2 helmet "Olerim" {rPois rC+ MP-9 Int+8}
rElec    +         Harm     .   e - +1 cloak of the Gate {rF+}
rCorr    +         Rampage  ∞   O - +2 pair of gloves "Kestin" {rF- rC+++ Regen+ rCorr}
Will     ++...     Rnd*Tele +   h - +3 pair of seven-league boots {Rampage+∞}
Stlth    ..........             I - amulet "Rerphaed" {Reflect Int+3 Slay+3 SH+5}
HPRegen  1.59/turn              W - ring "Pycvahur" {Fire Int+4 Dex+3}
MPRegen  0.19/turn              (no ring)

@: berserking, heroic, unable to read, flying, studying 3 skills, very quick
A: sickness immunity, AC +20, big wings, negative energy resistance 1,
electricity resistance, torment resistance 1, petrification resistance, dopey 1,
screaming 1, teleportitis 1, inability to read while threatened
}: 3/15 runes: serpentine, barnacled, silver
a: Renounce Religion, Heroism, Finesse


You were on level 5 of the Realm of Zot.
You worshipped Okawaru.
Okawaru was exalted by your worship.
You visited 12 branches of the dungeon, and saw 54 of its levels.
You visited the Abyss 2 times.
You also visited: Gauntlet and Ice Cave.

You collected 10956 gold pieces.
You spent 2599 gold pieces at shops.

Inventory:

Hand Weapons
 a - the +8 trident of the Octopus King {venom, rElec rPois Will+}
   (Okawaru gifted it to you on level 3 of the Abyss)

   It poisons the flesh of those it strikes.
   It insulates you from electricity.
   It protects you from poison.
   It increases your willpower.
 b - the +8 spear "Ostraoj" {elec, Contam Int+3 Dex+3 Stlth+}
   (Okawaru gifted it to you on level 5 of the Realm of Zot)

   Occasionally, upon striking a foe, it can discharge electrical energy and
   cause terrible harm.
   It affects your intelligence (+3).
   It affects your dexterity (+3).
   It causes magical contamination when unequipped.
   It makes you more stealthy.
 j - the +8 glaive of the Guard {elec, spectral, AC+5}
   (You found it on level 3 of the Depths)

   Occasionally, upon striking a foe, it can discharge electrical energy and
   cause terrible harm.
   When it strikes, its spirit leaps out and fights alongside the wielder.
   It affects your AC (+5).
 s - a +7 antimagic scythe
 u - the +9 spear "Impslayer" {pain, rC+ Int+2}
   (You found it on level 3 of the Realm of Zot)

   In the hands of one skilled in necromantic magic, it inflicts extra damage on
   living creatures.
   It affects your intelligence (+2).
   It protects you from cold.
 M - the +10 bardiche "Lameoturch" (weapon) {drain, rC+ Dex+6}
   (You acquired it on level 1 of the Lair of Beasts)

   A truly terrible weapon, it drains the life of those it strikes.
   It affects your dexterity (+6).
   It protects you from cold.
 T - the +5 glaive of the Assorted Dreams {spect, rElec rC++ Str+3 Dex-5}
   (Okawaru gifted it to you on level 3 of the Lair of Beasts)

   When it strikes, its spirit leaps out and fights alongside the wielder.
   It affects your strength (+3).
   It affects your dexterity (-5).
   It greatly protects you from cold.
   It insulates you from electricity.
 X - the +6 spear of Okawaru {freeze, Str+3}
   (Okawaru gifted it to you on level 2 of the Elven Halls)

   It has been specially enchanted to freeze those struck by it, causing extra
   injury to most foes and up to half again as much damage against particularly
   susceptible opponents.
   It can also slow down cold-blooded creatures.
   It affects your strength (+3).
Missiles
 c - 5 atropa-tipped darts
 y - 60 silver javelins (quivered)
Armour
 e - the +1 cloak of the Gate (worn) {rF+}
   (You found it in a Gauntlet)

   It protects you from fire.
 f - a +2 pair of gloves of dexterity
 h - the +3 pair of seven-league boots (worn) {Rampage+∞}
   (Okawaru gifted it to you on level 13 of the Dungeon)
 m - the +18 shield of the Gong {rElec rN+ Will+ EV-5}
   (You found it on level 3 of the Depths)

   It affects your evasion (-5).
   It insulates you from electricity.
   It protects you from negative energy.
   It increases your willpower.
 o - the +2 helmet "Olerim" (worn) {rPois rC+ MP-9 Int+8}
   (You found it on level 3 of the Elven Halls)

   It affects your intelligence (+8).
   It protects you from cold.
   It protects you from poison.
   It affects your magic capacity (-9).
 H - the +17 crystal plate armour of Ornamental Miracles (worn) {rCorr Dex-2 SInv}
   (You acquired it on level 2 of the Vaults)

   It affects your dexterity (-2).
   It lets you see invisible.
   It protects you from acid and corrosion.
 O - the +2 pair of gloves "Kestin" (worn) {rF- rC+++ Regen+ rCorr}
   (Okawaru gifted it to you on level 4 of the Vaults)

   It makes you vulnerable to fire.
   It renders you almost immune to cold.
   It increases your rate of health regeneration.
   It protects you from acid and corrosion.
Jewellery
 I - the amulet "Rerphaed" (around neck) {Reflect Int+3 Slay+3 SH+5}
   (You found it on level 13 of the Dungeon)

   [amulet of reflection]

   It reflects blocked missile attacks.
   It affects your intelligence (+3).
   It affects your accuracy and damage with ranged weapons and melee attacks
   (+3).
   It affects your SH (+5).
 S - an amulet of the acrobat
 W - the ring "Pycvahur" (left hand) {Fire Int+4 Dex+3}
   (You took it off a necromancer on level 3 of the Crypt)

   [ring of fire]

   It enhances your fire magic.
   It affects your intelligence (+4).
   It affects your dexterity (+3).
   It protects you from fire.
   It makes you vulnerable to cold.
 Y - a +6 ring of strength
Wands
 q - a wand of digging (5)
 N - a wand of mindburst (107)
Scrolls
 g - 4 scrolls of magic mapping
 k - 4 scrolls of blinking
 n - 48 scrolls of identify
 t - 2 scrolls of silence
 w - 3 scrolls of teleportation
 x - 5 scrolls of fog
 L - 2 scrolls of holy word
 P - 4 scrolls of fear
Potions
 i - 5 potions of cancellation
 l - 16 potions of curing
 D - 5 potions of might
 K - 3 potions of resistance
 R - 6 potions of haste
 U - 11 potions of ambrosia
Miscellaneous
 v - a tin of tremorstones (2/2)


   Skills:
 O Level 27 Fighting
 + Level 6.3(11.3) Maces & Flails
 O Level 27 Polearms
 + Level 1.2(6.2) Throwing
 * Level 23.9(27) Armour
 - Level 4.4(9.4) Dodging
 - Level 2.3(7.3) Stealth
 - Level 19.4(24.4) Shields
 + Level 14.1 Invocations


You had 26 spell levels left.
You didn't know any spells.
Your spell library contained the following spells:

 Spells                   Type           Power      Damage    Failure   Level
 Beastly Appendage        Tmut           0%         N/A       63%         1
 Corona                   Hex            0%         N/A       63%         1
 Foxfire                  Conj/Fire      0%         2x1d4     63%         1
 Freeze                   Ice            0%         1d3       63%         1
 Magic Dart               Conj           0%         1d3       63%         1
 Sandblast                Erth           0%         2d4       63%         1
 Shock                    Conj/Air       0%         1d3       63%         1
 Sting                    Tmut/Pois      0%         1d3       63%         1
 Summon Small Mammal      Summ           0%         N/A       63%         1
 Corpse Rot               Necr/Air       N/A        N/A       77%         2
 Ensorcelled Hibernation  Hex/Ice        0%         N/A       77%         2
 Passwall                 Tmut/Erth      0%         N/A       77%         2
 Poisonous Vapours        Pois/Air       0%         N/A       77%         2
 Searing Ray              Conj           0%         3d3       77%         2
 Slow                     Hex            0%         N/A       77%         2
 Static Discharge         Conj/Air       0%         N/A       77%         2
 Wereblood                Tmut           0%         N/A       77%         2
 Confusing Touch          Hex            0%         N/A       94%         3
 Conjure Flame            Conj/Fire      0%         6-21      94%         3
 Dazzling Flash           Conj/Hex       0%         N/A       94%         3
 Gell's Gravitas          Tloc           0%         N/A       94%         3
 Ignite Poison            Fire/Tmut/Pois 0%         N/A       94%         3
 Inner Flame              Hex/Fire       0%         N/A       94%         3
 Mephitic Cloud           Conj/Pois/Air  0%         N/A       94%         3
 Portal Projectile        Hex/Tloc       0%         N/A       94%         3
 Spider Form              Tmut/Pois      0%         N/A       94%         3
 Stone Arrow              Conj/Erth      0%         3d7       94%         3
 Swiftness                Air            0%         N/A       94%         3
 Airstrike                Air            0%         N/A       100%        4
 Animate Armour           Summ/Erth      0%         N/A       100%        4
 Animate Dead             Necr           0%         N/A       100%        4
 Cause Fear               Hex            0%         N/A       100%        4
 Fulminant Prism          Conj/Hex       0%         3d6       100%        4
 Ice Form                 Ice/Tmut       0%         N/A       100%        4
 Iskenderun's Mystic Bla  Conj/Tloc      0%         2d3       100%        4
 Leda's Liquefaction      Hex/Erth       0%         N/A       100%        4
 Olgreb's Toxic Radiance  Pois           0%         N/A       100%        4
 Passage of Golubria      Tloc           N/A        N/A       100%        4
 Petrify                  Tmut/Erth      0%         N/A       100%        4
 Sticky Flame             Conj/Fire      0%         2d3       100%        4
 Summon Ice Beast         Ice/Summ       0%         N/A       100%        4
 Summon Lightning Spire   Summ/Air       0%         N/A       100%        4
 Alistair's Intoxication  Tmut/Pois      0%         N/A       100%        5
 Bolt of Magma            Conj/Fire/Erth 0%         4d4       100%        5
 Borgnjor's Vile Clutch   Necr/Erth      0%         N/A       100%        5
 Fireball                 Conj/Fire      0%         3d3       100%        5
 Hydra Form               Tmut           0%         N/A       100%        5
 Irradiate                Conj/Tmut      0%         3d13      100%        5
 Iskenderun's Battlesphe  Conj           0%         2d6       100%        5
 Lee's Rapid Deconstruct  Erth           0%         3d5*      100%        5
 Lightning Bolt           Conj/Air       0%         1d11      100%        5
 Manifold Assault         Tloc           0%         N/A       100%        5
 Metabolic Englaciation   Hex/Ice        0%         N/A       100%        5
 Silence                  Hex/Air        0%         N/A       100%        5
 Summon Forest            Summ/Tloc      0%         N/A       100%        5
 Summon Mana Viper        Hex/Summ       0%         N/A       100%        5
 Yara's Violent Unravell  Hex/Tmut       0%         3d3       100%        5
 Conjure Ball Lightning   Conj/Air       0%         3x3d6     100%        6
 Death Channel            Necr           0%         N/A       100%        6
 Eringya's Noxious Bog    Tmut/Pois      0%         N/A       100%        6
 Freezing Cloud           Conj/Ice/Air   0%         6-21      100%        6
 Invisibility             Hex            0%         N/A       100%        6
 Iron Shot                Conj/Erth      0%         9d1       100%        6
 Shadow Creatures         Summ           N/A        N/A       100%        6
 Simulacrum               Ice/Necr       0%         N/A       100%        6
 Starburst                Conj/Fire      0%         8x6d3     100%        6
 Dragon Form              Tmut           0%         N/A       100%        7
 Malign Gateway           Summ/Tloc      0%         N/A       100%        7
 Orb of Destruction       Conj           0%         N/A       100%        7
 Ozocubu's Refrigeration  Ice            0%         4d5       100%        7
 Spellforged Servitor     Conj/Summ      0%         N/A       100%        7
 Summon Hydra             Summ           0%         N/A       100%        7
 Borgnjor's Revivificati  Necr           0%         N/A       100%        8
 Ignition                 Fire           0%         3d3       100%        8
 Infestation              Necr           0%         N/A       100%        8
 Necromutation            Tmut/Necr      0%         N/A       100%        8
 Death's Door             Necr           0%         N/A       100%        9
 Dragon's Call            Summ           0%         N/A       100%        9
 Shatter                  Erth           0%         3d5*      100%        9
 Tornado                  Air            0%         N/A       100%        9
 Sublimation of Blood     Necr           Unusable   N/A       N/A         2
 Statue Form              Tmut/Erth      Unusable   N/A       N/A         6

Dungeon Overview and Level Annotations

Branches:
Dungeon (15/15)            Temple (1/1) D:5            Lair (6/6) D:8
 Shoals (4/4) Lair:3        Snake (4/4) Lair:4        Slime (0/5) Lair:6
    Orc (2/2) D:9             Elf (3/3) Orc:2        Vaults (5/5) D:14
  Crypt (3/3) Vaults:2       Tomb (0/3) Crypt:3      Depths (5/5) D:15
   Hell (visited)             Zot (5/5) Depths:5      IceCv (visited)
Gauntlet (visited)
    Dis: Hell:1         Geh: Hell:1         Coc: Hell:1         Tar: Hell:1

Altars:
Ashenzari
Cheibriados
Dithmenos
Elyvilon
Fedhas
Gozag
Hepliaklqana
Kikubaaqudgha
Makhleb
Nemelex Xobeh
Okawaru
Qazlal
Ru
Sif Muna
Trog
Uskayaw
Vehumet
Wu Jian
Xom
Yredelemnul
Zin
The Shining One
Beogh
Jiyva

Shops:
D:3 [   D:4 *   D:7 *   D:9 !   Orc:2 [?(*   Elf:1 (   Elf:2 (   Snake:1 ?*
Snake:2 !   Vaults:2 ?   Depths:1 ::=

Portals:
Hell: Depths:1 Depths:2 Depths:3 Depths:4 Depths:5
Abyss: Depths:3 Depths:4
Pandemonium: Depths:3 Depths:4 Depths:5
Ziggurat: Depths:5

Annotations:
Crypt:2 1 runed translucent door, Warufrag's ghost, veteran GrFi
Hell Geryon


Innate Abilities, Weirdness & Mutations

You are immune to sickness and miasma.
Your stone body is resilient. (AC +20)
You are immune to poison.
Your large and strong wings let you fly.
You resist negative energy. (rN+)
You are resistant to electric shocks. (rElec)
You are resistant to unholy torment.
You are immune to petrification.
You are dopey. (Int -2)
You occasionally shout uncontrollably at your foes.
You are occasionally teleported next to monsters.
You sometimes lose the ability to read scrolls when taking damage.


Message History

The black draconian monk is heavily wounded.
The Orb Guardian hits you but does no damage.
The Orb Guardian hits you!!
* * * LOW HITPOINT WARNING * * *
The black draconian monk hits you but does no damage.
The black draconian monk kicks you but does no damage.
The black draconian monk tail-slaps you but does no damage.
A red film seems to cover your vision as you go berserk!
You feel yourself moving faster!
You feel mighty! The Orb Guardian hits you.
* * * LOW HITPOINT WARNING * * *
The black draconian monk hits you but does no damage.
The black draconian monk kicks you but does no damage.
The black draconian monk tail-slaps you but does no damage.
The Orb Guardian hits you but does no damage.
You miss the black draconian monk.
The black draconian monk is heavily wounded.
The Orb Guardian misses you.
The black draconian monk hits you but does no damage.
The black draconian monk splashes around in the water. x2
Unknown command.
You barely miss the black draconian monk.
The black draconian monk is heavily wounded.
The Orb Guardian hits you!
* * * LOW HITPOINT WARNING * * *
Unknown command.
You are too berserk!
You are too berserk!
You miss the black draconian monk.
The black draconian monk is heavily wounded.
The black draconian monk splashes around in the water. x2
The black draconian monk tail-slaps you but does no damage.
You block the Orb Guardian's attack.
Unknown command.
You slice the black draconian monk like a ripe choko!!!
You drain the black draconian monk!!
The black draconian monk is almost dead.
The black draconian monk hits you but does no damage.
The black draconian monk splashes around in the water. x2
The Orb Guardian hits you!!
You die...

,,,,* **,,,,,..X.,,** *,,,,,,,,
,,,** *,,,,,,^..,,,,* **,,,,,^,
,,** **,,,,,,|..,,,,** **,,,,,,
,** *,,,,,,,dq,,,,,,* **,,,,,
******########.#####***▓▓▓ ******
*,,,.........*#≈.#####'#####
*,,,.......)###≈...........#
*,,,.......)≈q≈≈...........#
*,,,..<....†yX@............#
*,,,......#+#####..........#
******+#####*,****#.......<..#
,,,,,,,,* *,,,,,#.....⌠....#
******,,******,**,#..........#***
* *,,,,,,,,,,,,#..........+,,, *
*,,******,**,+..........#*** *
*,,* ###+####..........# * *,,*
#.................#


You could see a black draconian monk (berserk, drained), an Orb Guardian
(berserk) and a moth of wrath.

Vanquished Creatures
  4 dread liches
  An orb of fire (Zot:2)
  3 ancient liches
  A juggernaut (Depths:3)
  Sojobo (Crypt:2)
  Boris (twice) (Depths:5 Crypt:1)
  A Killer Klown (Zot:2)
  Saint Roka (Vaults:4)
  2 curse toes (Zot:3)
  5 caustic shrikes (Depths:2)
  15 golden dragons
  A profane servitor (Abyss:2)
  A bone dragon (Abyss:4)
  2 Tzitzimimeh (Depths:4)
  The ghost of Timoen the Unseen, an adept GnDe of Okawaru (Vaults:3)
  A Hell Sentinel (Abyss:5)
  11 tentacled monstrosities
  7 liches
  4 titans (Vaults:4)
  An Orb Guardian (Zot:5)
  2 deep elf master archers (Elf:3)
  6 deep elf blademasters
  3 quicksilver dragons
  Polyphemus (Shoals:2)
  4 Executioners
  A kraken (Shoals:3)
  14 tentacled starspawn
  Frances (Snake:2)
  3 ancient champions (Crypt:2)
  5 sphinxes
  8 death cobs
  11 storm dragons
  15 shadow dragons
  2 revenants (Crypt:2)
  4 tengu reavers
  Roxanne (D:15)
  10 fire giants
  The ghost of cirn0 the Severer, a journeyman MiBe of Trog (Shoals:3)
  2 draconian knights
  16 frost giants
  2 draconian monks
  2 ghost moths
  6 nagarajas
  6 deep elf sorcerers
  Louise (D:15)
  3 iron dragons
  4 deep elf elementalists
  An orc warlord (Vaults:3)
  Aizul (Snake:2)
  6 draconian scorchers
  26 vault wardens
  7 draconian stormcallers
  A cacodemon (Abyss:3)
  6 draconian shifters
  3 war gargoyles
  2 draconian annihilators
  5 spriggan defenders
  14 ironbound preservers
  3 reapers
  27 very ugly things
  7 deep elf demonologists
  17 stone giants
  2 entropy weavers
  Nessos (D:15)
  A lorocyproca (Depths:3)
  4 vampire knights
  10 green draconians
  5 dire elephants
  6 yellow draconians
  7 white draconians
  A minotaur (Gauntlet)
  9 deep elf annihilators
  9 black draconians
  10 purple draconians
  The ghost of cirn0 the Cleaver, a journeyman MiBe of Trog (Lair:2)
  3 spark wasps
  9 red draconians
  3 crystal guardians
  14 deep elf death magi
  6 fire dragons
  6 merfolk javelineers
  6 ettins
  A mummy priest (Crypt:3)
  Fannar (D:11)
  A green death (Abyss:5)
  2 blizzard demons (Depths:3)
  8 jiangshi
  9 merfolk impalers
  13 yaktaur captains
  8 deep elf high priests
  8 eidola
  Josephine (D:11)
  7 salamander tyrants
  14 naga warriors
  Erolcha (D:12)
  A quicksilver dragon zombie (Crypt:3)
  3 rakshasas
  11 great orbs of eyes
  A quicksilver dragon skeleton (Abyss:2)
  3 boulder beetles
  3 peacekeepers
  3 death knights
  49 vault guards
  13 ice dragons
  12 hydras
  A catoblepas (Shoals:2)
  4 ironbound thunderhulks
  2 ogre magi (Orc:2)
  6 spriggan air magi
  8 ironbound frosthearts
  2 merfolk avatars (Shoals:4)
  An alligator snapping turtle (Shoals:1)
  10 anacondas
  15 centaur warriors
  24 dancing weapons
  4 merfolk aquamancers
  5 tengu warriors
  3 satyrs
  16 death yaks
  14 deep troll shamans
  6 deep troll earth magi
  3 hell hogs
  9 two-headed ogres
  A titan zombie (Crypt:2)
  11 thrashing horrors
  4 shock serpents
  10 naga sharpshooters
  11 hell knights
  5 vampire magi
  6 spriggan berserkers
  11 soul eaters
  Sonja (Lair:2)
  6 ironbound beastmasters
  8 sun demons
  5 shadow wraiths
  22 deep elf knights
  3 sixfirhies
  A golden dragon zombie (Crypt:3)
  14 wretched stars
  2 ghost moth zombies (Crypt:3)
  7 iron trolls
  8 salamander mystics
  11 skeletal warriors
  A spectral death yak (Lair:2)
  5 spatial maelstroms
  49 deep trolls
  4 flayed ghosts
  A bunyip zombie (Crypt:2)
  4 glowing orange brains
  A death drake (Abyss:4)
  14 sea snakes
  A swamp dragon (Zot:3)
  A shadow demon (Abyss:3)
  A shadow dragon zombie (Crypt:3)
  A swamp dragon (shapeshifter) (Vaults:4)
  12 deep elf archers
  18 necromancers
  4 orc knights
  Pikel (D:7)
  21 phantasmal warriors
  An orange crystal statue (Shoals:3)
  9 naga ritualists
  A wolf spider zombie (Crypt:3)
  An obsidian statue (Lair:3)
  5 lindwurms (Vaults:2)
  30 deep elf zephyrmancers
  An anaconda skeleton (Crypt:3)
  13 wizards
  11 harpies
  19 ironbound convokers
  27 deep elf pyromancers
  A shadow dragon skeleton (Crypt:3)
  An iron dragon zombie (Crypt:3)
  9 mana vipers
  47 ugly things
  2 orc sorcerers
  3 oklob plants (Lair:3)
  16 manticores
  11 cyclopes
  A moth of wrath (shapeshifter) (Vaults:5)
  6 worldbinders
  24 salamanders
  35 large abominations
  A cyclops (shapeshifter) (Elf:3)
  18 moths of wrath
  An eleionoma zombie (Crypt:2)
  A black mamba (shapeshifter) (Vaults:4)
  2 fire giant skeletons (Crypt:3)
  16 fauns
  3 stone giant skeletons
  A sphinx skeleton (D:15)
  An apocalypse crab (Abyss:4)
  6 merfolk sirens
  4 water nymphs
  2 shock serpent zombies (Crypt:3)
  9 rust devils
  A frost giant skeleton (Crypt:2)
  7 smoke demons
  20 vault sentinels
  20 black mambas
  7 elephants
  23 naga magi
  A dire elephant zombie (Crypt:2)
  A guardian serpent (shapeshifter) (Vaults:4)
  3 ice statues (IceCv)
  3 gargoyles (D:12)
  6 guardian serpents
  An orange demon (Abyss:5)
  A torpor snail (Lair:5)
  A torpor snail (shapeshifter) (Depths:3)
  An emperor scorpion zombie (Crypt:3)
  5 unseen horrors
  14 cane toads
  2 rime drakes
  Maggie (D:8)
  2 efreet
  8 komodo dragons
  Psyche (D:8)
  41 yaktaurs
  A komodo dragon (shapeshifter) (D:15)
  A tormentor (Abyss:5)
  13 freezing wraiths
  4 ice devils (Depths:3)
  A catoblepas skeleton (Crypt:3)
  A catoblepas zombie (Crypt:3)
  4 tengu conjurers (Depths:1)
  19 hellwings
  A queen bee (Lair:3)
  A death yak skeleton (Crypt:1)
  4 kobold demonologists (D:13)
  11 trolls
  13 ancient zymes
  4 meliai (Abyss:4)
  A sea snake skeleton (Crypt:1)
  43 merfolk
  The ghost of Gargoyl the Skirmisher, an amateur GnAK of Lugonu (D:4)
  3 hydra zombies (Crypt:3)
  12 snapping turtles
  A blink frog (shapeshifter) (Elf:2)
  8 polar bears
  A tarantella zombie (Crypt:1)
  A hydra skeleton (Crypt:3)
  14 raiju
  11 wind drakes
  30 slime creatures
  9 hornets
  13 blink frogs
  A fire dragon zombie (D:15)
  An ice dragon zombie (D:15)
  20 dream sheep
  A spectral black mamba (Lair:2)
  A fire giant simulacrum (Abyss:4)
  A spectral dream sheep (Lair:2)
  3 flying skulls
  A centaur simulacrum (D:15)
  An ettin zombie (Crypt:3)
  14 water elementals
  A tarantella (Vaults:4)
  A redback (shapeshifter) (Depths:2)
  6 ynoxinuls
  A black mamba zombie (Crypt:3)
  6 redbacks
  2 air elementals
  A fire dragon skeleton (Crypt:3)
  2 ushabtiu (Crypt:3)
  20 spriggans
  An ettin skeleton (Crypt:3)
  13 wraiths
  A black mamba skeleton (Crypt:2)
  4 shadows
  A human (shapeshifter) (Vaults:4)
  22 yaks
  A fire elemental (Elf:3)
  5 basilisks
  2 golden eyes (Abyss:4)
  Grum (D:8)
  10 neqoxecs
  8 chaos spawn
  6 vampire mosquitoes
  A warg (Orc:1)
  A catoblepas simulacrum (Lair:2)
  A monstrous demonspawn zombie (Crypt:2)
  A swamp worm (shapeshifter) (Vaults:5)
  42 nagas
  3 acid dragons
  A faun zombie (Crypt:1)
  An acid dragon (shapeshifter) (Depths:1)
  A cane toad zombie (Crypt:3)
  2 spatial vortices
  A hell hound (Abyss:4)
  A torturous demonspawn zombie (Crypt:2)
  A water moccasin (shapeshifter) (Abyss:2)
  17 water moccasins
  A hydra simulacrum (Lair:2)
  4 floating eyes
  2 black bears (shapeshifter)
  6 ice beasts (IceCv)
  2 black bears (Lair:6)
  A two-headed ogre skeleton (Crypt:2)
  18 orc warriors
  A cane toad skeleton (Crypt:2)
  2 sky beasts (D:6)
  22 ogres
  2 necrophages
  A swamp dragon zombie (Crypt:1)
  3 boggarts (Lair:6)
  48 wolves
  A snapping turtle skeleton (Crypt:3)
  11 centaurs
  A lemure (D:7)
  19 small abominations
  3 kobold brigands
  9 bullfrogs
  2 elf skeletons
  2 gnoll sergeants
  An earth elemental (Elf:2)
  A scorpion (D:5)
  5 wyvern skeletons (Crypt:3)
  A shapeshifter zombie (Crypt:1)
  A wight (Abyss:3)
  29 killer bees
  3 electric eels
  9 howler monkeys
  A crimson imp (Abyss:3)
  A komodo dragon simulacrum (Lair:2)
  24 starcursed masses
  2 bullfrog zombies (D:6)
  5 jellies (Lair:6)
  3 quasits
  6 centaur zombies
  14 orc priests
  A centaur skeleton (Crypt:2)
  3 hounds
  Terence (D:2)
  7 hell rats (Depths:3)
  An iguana (D:7)
  15 orc wizards
  2 hound skeletons (D:4)
  A mummy (Crypt:3)
  Robin (D:3)
  9 gnolls
  A howler monkey skeleton (D:4)
  9 adders
  3 shadow imps
  15 white imps
  4 adder skeletons (D:4)
  3 dart slugs
  69 orcs
  5 bats
  4 endoplasms
  A giant cockroach (D:3)
  10 goblins
  12 hobgoblins
  16 jackals
  5 quokkas
  8 ball pythons
  3 frilled lizards
  A goblin zombie (Crypt:1)
  A jackal zombie (Crypt:1)
  8 kobolds
  5 rats
  2 butterflies (Lair:3)
  A plant (Lair:5)
  5 starspawn tentacles (Abyss:4)
2497 creatures vanquished.

Vanquished Creatures (others)
  A large abomination (Abyss:5)
  A deep elf knight (Elf:3)
  A queen bee (Abyss:4)
  A blink frog (Abyss:3)
  A redback (Vaults:2)
  A chaos spawn (Abyss:3)
  2 small abominations (Abyss:5)
  An orc wizard (Orc:1)
  A hell rat (Depths:3)
  An ufetubus (Abyss:4)
  A bush (Abyss:4)
  2 foxfires (Abyss:5)
  13 fungi
  6 lurking horrors
  75 plants
  76 starspawn tentacles
  4 tentacles (Shoals:3)
  15 withered plants (Crypt:3)
203 creatures vanquished.

Grand Total: 2700 creatures vanquished

Notes
Turn   | Place    | Note
-------+----------+-------------------------------------------
     0 | D:1      | HagarQim the Gargoyle Monk began the quest for the Orb.
     0 | D:1      | Reached XP level 1. HP: 14/14 MP: 1/1
   279 | D:1      | Reached XP level 2. HP: 20/20 MP: 2/2
  1217 | D:2      | Found a broken altar of Ashenzari.
  1221 | D:2      | Reached XP level 3. HP: 24/24 MP: 3/3
  1279 | D:2      | Reached skill level 1 in Armour
  1498 | D:2      | Found a faded altar of an unknown god.
  1730 | D:2      | Noticed Terence
  1744 | D:2      | Killed Terence
  1745 | D:2      | Reached XP level 4. HP: 20/29 MP: 4/4
  2179 | D:3      | Found Giato's Armour Shop.
  2218 | D:3      | Noticed Robin
  2235 | D:4      | Found a runed translucent gate.
  2235 | D:4      | Found a runed translucent gate.
  2247 | D:4      | Reached XP level 5. HP: 33/33 MP: 5/5
  2247 | D:4      | Found a runed translucent gate.
  2273 | D:4      | Found an opulent altar of Gozag.
  2274 | D:4      | Noticed a wraith
  2274 | D:4      | Noticed Gargoyl's ghost (amateur GnAK)
  2339 | D:4      | Found a snail-covered altar of Cheibriados.
  2342 | D:4      | Found a blossoming altar of Fedhas.
  2342 | D:4      | Found an ornate altar of the Wu Jian Council.
  2385 | D:4      | Found a shimmering blue altar of Sif Muna.
  2390 | D:4      | Found a sacrificial altar of Ru.
  2961 | D:4      | Found Janar's General Store.
  3195 | D:4      | You fall into a shaft and drop 1 floor!
  3195 | D:5      | Entered Level 5 of the Dungeon
  3378 | D:5      | Reached XP level 6. HP: 38/38 MP: 6/6
  3839 | D:5      | Noticed a necrophage
  3864 | D:5      | Killed a necrophage
  3883 | D:5      | Found a staircase to the Ecumenical Temple.
  3893 | Temple   | Entered the Ecumenical Temple
  4162 | Temple   | Became a worshipper of Warmaster Okawaru
  4162 | Temple   | Reached * piety under Okawaru
  4162 | Temple   | Reached ** piety under Okawaru
  4325 | D:5      | Reached skill level 5 in Maces & Flails
  4341 | D:5      | Reached skill level 1 in Shields
  4341 | D:5      | Reached XP level 7. HP: 19/44 MP: 7/7
  4651 | D:5      | Found a sparkling altar of Nemelex Xobeh.
  5342 | D:6      | Reached skill level 1 in Polearms
  5342 | D:6      | Reached skill level 5 in Armour
  5377 | D:6      | Reached XP level 8. HP: 46/48 MP: 8/8
  5634 | D:6      | Reached skill level 5 in Fighting
  5875 | D:6      | Reached *** piety under Okawaru
  6013 | D:6      | Reached skill level 1 in Invocations
  6228 | D:6      | Found a radiant altar of Vehumet.
  6326 | D:7      | Noticed a six-headed hydra
  6794 | D:7      | Found Plog's Island Escapes.
  6832 | D:7      | Killed a six-headed hydra
  6832 | D:7      | Reached **** piety under Okawaru
  6833 | D:7      | Reached XP level 9. HP: 45/54 MP: 8/11
  6903 | D:7      | Noticed Pikel
  6935 | D:7      | Killed Pikel
  6936 | D:7      | Reached skill level 5 in Polearms
  7576 | D:8      | Noticed Maggie
  7618 | D:8      | Noticed Grum
  7696 | D:7      | Reached ***** piety under Okawaru
  7745 | D:8      | Killed Grum
  7920 | D:8      | Reached XP level 10. HP: 51/60 MP: 12/12
  8140 | D:8      | Noticed a death yak
  8141 | D:8      | Noticed a death yak
  8142 | D:8      | Noticed a death yak
  8197 | D:7      | Killed a death yak
  8198 | D:7      | Reached skill level 5 in Shields
  8685 | D:7      | Killed a death yak
  8998 | D:7      | Bought a scroll of blinking for 90 gold pieces
  8998 | D:7      | Bought a scroll of blinking for 90 gold pieces
  9053 | D:8      | Found a staircase to the Lair.
  9077 | D:8      | Killed Maggie
  9622 | D:8      | Killed a death yak
  9622 | D:8      | Received a gift from Okawaru
  9623 | D:8      | Reached skill level 1 in Throwing
  9760 | D:8      | Noticed Psyche
  9767 | D:8      | Killed Psyche
  9919 | D:9      | Found Naqacvap's Distillery.
 10353 | Lair:1   | Entered Level 1 of the Lair of Beasts
 10440 | Lair:1   | Reached XP level 11. HP: 67/67 MP: 13/13
 11444 | Lair:2   | Noticed Sonja
 12556 | Lair:2   | Reached skill level 10 in Polearms
 12579 | Lair:2   | Identified a scroll of acquirement
 12604 | Lair:1   | Acquired the +10 bardiche "Lameoturch" {drain, rC+ Dex+6}
 13099 | Lair:3   | Noticed an oklob plant
 13544 | Lair:2   | Killed Sonja
 13545 | Lair:2   | Reached XP level 12. HP: 75/75 MP: 14/14
 13560 | Lair:2   | Found a runed translucent gate.
 13560 | Lair:2   | Found a runed translucent gate.
 13560 | Lair:2   | Found a runed translucent gate.
 13565 | Lair:2   | Noticed cirn0's ghost (journeyman MiBe)
 14028 | Lair:3   | Reached skill level 10 in Armour
 14397 | Lair:3   | Reached ****** piety under Okawaru
 14407 | Lair:3   | Identified the +5 glaive of the Assorted Dreams {spect,
                  | rElec rC++ Str+3 Dex-5} (Okawaru gifted it to you on level
                  | 3 of the Lair of Beasts)
 14407 | Lair:3   | Received a gift from Okawaru
 14839 | Lair:3   | Found a staircase to the Shoals.
 15247 | Lair:3   | Noticed a sun demon
 15753 | Lair:4   | Noticed a six-headed hydra
 15765 | Lair:4   | Killed a five-headed hydra
 16188 | Lair:4   | Reached XP level 13. HP: 73/82 MP: 15/15
 16228 | Lair:4   | Found a staircase to the Snake Pit.
 16428 | Lair:4   | Received a gift from Okawaru
 16432 | Lair:4   | Reached skill level 10 in Fighting
 17248 | Lair:5   | Found a gate leading to a gauntlet.
 17257 | Gauntlet | Entered a Gauntlet
 17257 | Gauntlet | Found a transporter.
 17257 | Gauntlet | Found a transporter.
 17278 | Gauntlet | Found a transporter.
 17282 | Gauntlet | Found a transporter.
 17296 | Gauntlet | Found a transporter.
 17297 | Gauntlet | Found a transporter.
 17308 | Gauntlet | Found a transporter.
 17324 | Gauntlet | Noticed a reaper
 17328 | Gauntlet | Found a transporter.
 17346 | Gauntlet | Found a transporter.
 17350 | Gauntlet | Found a transporter.
 17360 | Gauntlet | Found a transporter.
 17364 | Gauntlet | Found a transporter.
 17421 | Gauntlet | Identified the ring of Xuysomeo {rF+ Will+ EV+4 SInv
                  | Stlth+}
 17450 | Gauntlet | Received a gift from Okawaru
 17789 | Gauntlet | Identified the +1 cloak of the Gate {rF+}
 17833 | Gauntlet | Killed a reaper
 18019 | Gauntlet | Identified the +7 chain mail of the Iron City of Dis
                  | {Int+7}
 18019 | Gauntlet | Noticed a minotaur
 18030 | Gauntlet | Killed a minotaur
 18244 | Lair:5   | Identified the +1 glaive of Hemeden {vorpal, rCorr Dex+2}
 18265 | Lair:5   | You are sucked into a shaft and drop 1 floor!
 18265 | Lair:6   | Entered Level 6 of the Lair of Beasts
 18506 | Lair:6   | Gained mutation: Your large and strong wings let you fly.
                  | [Gargoyle growth]
 18506 | Lair:6   | Reached XP level 14. HP: 90/90 MP: 16/16
 18690 | Lair:6   | Reached skill level 15 in Polearms
 18809 | Lair:6   | Identified the +6 glaive of the Girdle {freeze, rPois rN+}
                  | (Okawaru gifted it to you on level 6 of the Lair of Beasts)
 18809 | Lair:6   | Received a gift from Okawaru
 18880 | Lair:6   | Identified the +6 hunting sling of Fufram {venom, rC+ rN+
                  | Dex+5}
 18940 | Lair:6   | Found a runed translucent door.
 18941 | Lair:6   | Found a viscous altar of Jiyva.
 19530 | Lair:6   | Found a staircase to the Slime Pits.
 19546 | Lair:6   | Received a gift from Okawaru
 19799 | Snake:1  | Entered Level 1 of the Snake Pit
 20125 | D:9      | Found a staircase to the Orcish Mines.
 20258 | D:9      | Found an ancient bone altar of Kikubaaqudgha.
 20558 | D:10     | Entered Level 10 of the Dungeon
 20599 | D:10     | Reached skill level 5 in Invocations
 20833 | D:10     | Found a glowing silver altar of Zin.
 20833 | D:10     | Found a glowing golden altar of the Shining One.
 20834 | D:10     | Found a white marble altar of Elyvilon.
 21223 | D:11     | Noticed Fannar
 21233 | D:11     | Killed Fannar
 21391 | D:11     | Received a gift from Okawaru
 21446 | D:11     | Noticed Josephine
 21468 | D:11     | Killed Josephine
 21946 | D:12     | Reached XP level 15. HP: 83/96 MP: 19/19
 22331 | D:12     | Noticed Erolcha
 22345 | D:12     | Killed Erolcha
 22888 | D:13     | Found a frozen archway.
 22912 | IceCv    | Entered an ice cave
 23048 | IceCv    | Identified the +4 ice dragon scales of the Nightingale {rF-
                  | rC++ Dex+4}
 23052 | IceCv    | Identified the +2 leather armour "Huhacue" {Rampage Int+6
                  | Dex+8 Slay-2}
 23364 | D:13     | Received a gift from Okawaru
 23365 | D:13     | Found the +3 pair of seven-league boots {Rampage+∞}
 23562 | D:13     | Identified the amulet "Rerphaed" {Reflect Int+3 Slay+3
                  | SH+5}
 25118 | D:14     | Found a gate to the Vaults.
 25366 | D:15     | Entered Level 15 of the Dungeon
 25383 | D:15     | Noticed Nessos
 25389 | D:15     | Killed Nessos
 25390 | D:15     | Reached XP level 16. HP: 93/104 MP: 20/20
 25471 | D:15     | Identified Roxanne's Disquisition on Earth
 25471 | D:15     | Noticed Roxanne
 25531 | D:15     | Noticed Louise
 25539 | D:15     | Killed Louise
 25594 | D:15     | Found a staircase to the Depths.
 25601 | D:15     | Received a gift from Okawaru
 25809 | D:15     | Found a sparkling altar of Nemelex Xobeh.
 26938 | Orc:1    | Entered Level 1 of the Orcish Mines
 27269 | Orc:2    | Entered Level 2 of the Orcish Mines
 27294 | Orc:2    | Found a staircase to the Elven Halls.
 27589 | Orc:2    | Found Basosa's Magic Scroll Shoppe.
 27589 | Orc:2    | Found Peseack's Assorted Antiques.
 28111 | Orc:2    | Found Jysagg's Antique Armour Boutique.
 28123 | Orc:2    | Found Xege's Antique Weapon Emporium.
 28460 | Orc:2    | Bought a scroll of enchant armour for 82 gold pieces
 28662 | D:3      | Found an opulent altar of Gozag.
 28662 | D:3      | Found a stormy altar of Qazlal.
 28771 | D:3      | Killed Robin
 29097 | D:4      | Killed Gargoyl's ghost
 29374 | Shoals:1 | Entered Level 1 of the Shoals
 29504 | Shoals:1 | Received a gift from Okawaru
 31120 | Shoals:2 | Reached XP level 17. HP: 112/112 MP: 21/21
 31155 | Shoals:2 | Noticed Polyphemus
 31169 | Shoals:2 | Killed Polyphemus
 32117 | Shoals:3 | Received a gift from Okawaru
 32139 | Shoals:3 | Found a transporter.
 32254 | Shoals:3 | Found a runed translucent gate.
 32254 | Shoals:3 | Found a runed translucent gate.
 32254 | Shoals:3 | Found a runed translucent gate.
 32255 | Shoals:3 | Noticed cirn0's ghost (journeyman MiBe)
 32927 | Shoals:3 | Found a transporter.
 33000 | Shoals:3 | Noticed a kraken
 33008 | Shoals:3 | Killed a kraken
 33403 | Shoals:3 | Killed cirn0's ghost
 33404 | Shoals:3 | Reached skill level 15 in Fighting
 33412 | Shoals:3 | Received a gift from Okawaru
 33768 | Shoals:3 | Identified the +4 plate armour of Agnosticism {rN++}
 33769 | Shoals:3 | Identified the +0 pair of boots of the King of the Hill
                  | {Harm rC- Int+4}
 33835 | Shoals:4 | Entered Level 4 of the Shoals
 34727 | Shoals:4 | HP: 8/169 [merfolk impaler/+0 trident of venom (1)]
 34730 | Shoals:4 | HP: 3/169 [merfolk impaler/+0 trident of venom (6)]
 35460 | Shoals:4 | Identified the +3 glaive "Vococeimp" {spect, Fly rC+++
                  | Str+4 Int-2} (Okawaru gifted it to you on level 4 of the
                  | Shoals)
 35460 | Shoals:4 | Received a gift from Okawaru
 35680 | Shoals:4 | Reached XP level 18. HP: 77/119 MP: 22/22
 35924 | Shoals:4 | Identified the Papyrus of Illusion
 36874 | Shoals:4 | Got a barnacled rune of Zot
 37495 | Snake:1  | Found Pawneargh's Assorted Antiques.
 37499 | Snake:1  | Found Fupliwn's Magic Scroll Boutique.
 37523 | Snake:1  | Bought a scroll of enchant armour for 97 gold pieces
 37574 | Snake:1  | Found a hazy altar of Hepliaklqana.
 37980 | Snake:1  | Bought a heavily runed chain mail for 247 gold pieces
 37980 | Snake:1  | Identified the +5 chain mail of the Grue {Stlth+} (You
                  | bought it in a shop on level 1 of the Snake Pit)
 38037 | Snake:2  | Found Paumor's Distillery.
 38114 | Snake:2  | Noticed Aizul
 38120 | Snake:2  | Killed Aizul
 38156 | Snake:2  | Received a gift from Okawaru
 39114 | Snake:2  | Noticed Frances
 39124 | Snake:2  | Killed Frances
 39878 | Snake:3  | Received a gift from Okawaru
 39882 | Snake:3  | Reached skill level 15 in Armour
 41002 | Snake:3  | Received a gift from Okawaru
 41018 | Snake:3  | Reached XP level 19. HP: 121/125 MP: 23/23
 41563 | Snake:4  | Entered Level 4 of the Snake Pit
 43048 | Snake:4  | Received a gift from Okawaru
 43384 | Snake:4  | Received a gift from Okawaru
 43717 | Snake:4  | Got a serpentine rune of Zot
 44034 | Elf:1    | Entered Level 1 of the Elven Halls
 44034 | Elf:1    | Found Reol's Weapon Emporium.
 44075 | Elf:1    | Identified the Volume of Ice and Bewitchment
 44820 | Elf:1    | Identified Siusuu's Tome of Conjuration
 45023 | Elf:2    | Found Liophy's Weapon Shop.
 45030 | Elf:2    | Reached XP level 20. HP: 134/134 MP: 24/24
 45135 | Elf:2    | Found a runed translucent gate.
 45411 | Elf:2    | Found a shimmering blue altar of Sif Muna.
 45819 | Elf:2    | Identified the +6 spear of Okawaru {freeze, Str+3} (Okawaru
                  | gifted it to you on level 2 of the Elven Halls)
 45819 | Elf:2    | Received a gift from Okawaru
 45940 | Elf:2    | Found a runed translucent gate.
 45942 | Elf:2    | Found a runed translucent gate.
 46893 | Elf:3    | Entered Level 3 of the Elven Halls
 47103 | Elf:3    | Received a gift from Okawaru
 48475 | Elf:3    | HP: 6/136 [deep elf master archer/arrow (23)]
 48969 | Elf:3    | Reached XP level 21. HP: 97/141 MP: 25/25
 49113 | Elf:3    | Identified the +8 great sword "Beink" {vorpal, rCorr Int+3}
 49443 | Elf:3    | Identified the ring "Duash" {rF+ Int+3}
 49463 | Elf:3    | Identified the +0 great sword of Watchfulness {antimagic,
                  | rPois rF- Will+++ Dex-5}
 49463 | Elf:3    | Identified the amulet "Veehiusk" {Spirit Slay+2}
 49482 | Elf:3    | Received a gift from Okawaru
 49538 | Elf:3    | Identified the +8 rapier "Xiuptim" {flame, Str+2 Stlth+}
 49540 | Elf:3    | Identified the Papyrus of Quantum Earth
 49547 | Elf:3    | Identified the +2 helmet "Olerim" {rPois rC+ MP-9 Int+8}
 49564 | Elf:3    | Identified the Grimoire of Feathery Orientation
 49574 | Elf:3    | Identified the +1 ring mail "Ukoan" {Harm Regen+ Int+2}
 49581 | Elf:3    | Identified the +11 dagger of Fask {vorpal, rPois rC- Str+4}
 49965 | Depths:1 | Entered Level 1 of the Depths
 49976 | Depths:1 | Found a gateway to Hell.
 50005 | Depths:1 | Found Oguroxz Suff's Book Emporium.
 50006 | Depths:1 | Found Sizxicey's Jewellery Boutique.
 50007 | Depths:1 | Found Ecedwil's Book Emporium.
 50114 | Depths:1 | Noticed a golden dragon
 50125 | Depths:1 | Killed a golden dragon
 50629 | Depths:1 | Found a broken altar of Ashenzari.
 51122 | Hell     | Entered the Vestibule of Hell
 51122 | Hell     | Noticed Geryon
 51776 | Depths:2 | Identified the +1 leather armour of Mirth {rPois rF+
                  | Stlth+}
 51786 | Depths:2 | Noticed a caustic shrike
 51795 | Depths:2 | Noticed a caustic shrike
 51795 | Depths:2 | Noticed a caustic shrike
 51797 | Depths:2 | Noticed a caustic shrike
 51798 | Depths:2 | Noticed a caustic shrike
 51806 | Depths:2 | Killed a caustic shrike
 51811 | Depths:2 | Killed a caustic shrike
 51817 | Depths:2 | Killed a caustic shrike
 51819 | Depths:2 | Killed a caustic shrike
 51819 | Depths:2 | Identified the +2 pair of gloves of Plasticity {-Cast rPois
                  | rN+ rCorr} (Okawaru gifted it to you on level 2 of the
                  | Depths)
 51819 | Depths:2 | Received a gift from Okawaru
 51830 | Depths:2 | Killed a caustic shrike
 52523 | Depths:2 | Reached XP level 22. HP: 88/149 MP: 17/26
 53656 | Depths:2 | Noticed a golden dragon
 53663 | Depths:2 | Killed a golden dragon
 54191 | Snake:1  | Bought a scroll of enchant armour for 97 gold pieces
 54571 | D:15     | Killed Roxanne
 54841 | Lair:2   | Killed cirn0's ghost
 55119 | Lair:3   | Identified the +6 spear "Idudaug" {drain, Dex+3}
 55120 | Lair:3   | Identified the +2 leather armour "Bygotas" {rElec rF+ Will-
                  | Int+5}
 56719 | Depths:3 | Found a snail-covered altar of Cheibriados.
 56739 | Depths:3 | Received a gift from Okawaru
 56982 | Depths:3 | Found a shimmering blue altar of Sif Muna.
 57050 | Depths:3 | Reached skill level 10 in Shields
 57146 | Depths:3 | Noticed a juggernaut
 57159 | Depths:3 | Killed a juggernaut
 57315 | Depths:3 | Received a gift from Okawaru
 57433 | Depths:3 | Found the +8 glaive of the Guard {elec, spectral, AC+5}
 57685 | Depths:3 | Found a one-way gate leading to the halls of Pandemonium.
 57704 | Depths:3 | Reached XP level 23. HP: 141/156 MP: 12/27
 57805 | Depths:3 | Found a one-way gate to the infinite horrors of the Abyss.
 57817 | Depths:3 | Received a gift from Okawaru
 57895 | Depths:3 | Found the +18 shield of the Gong {rElec rN+ Will+ EV-5}
 58806 | Depths:4 | Received a gift from Okawaru
 59020 | Depths:4 | Identified the +0 helmet of Qazlal's Grace {rElec Int+5
                  | Dex+2}
 59722 | Depths:4 | Upgraded the game from 0.27-a0-1147-gb3d8e82157 to
                  | 0.27-a0-1149-g4505690ab0
 59726 | Depths:5 | Entered Level 5 of the Depths
 59845 | Depths:5 | Found a stormy altar of Qazlal.
 60399 | Depths:5 | Found a gateway to a ziggurat.
 60450 | Depths:5 | Noticed Boris
 60463 | Depths:5 | Killed Boris
 61259 | Depths:5 | Received a gift from Okawaru
 61268 | Depths:5 | Found a gate to the Realm of Zot.
 61986 | Vaults:1 | Entered Level 1 of the Vaults
 62581 | Vaults:1 | Identified the +5 ring mail of the Arcane {rF+ Int+2 Dex+3}
 63015 | Vaults:1 | Reached XP level 24. HP: 154/164 MP: 18/27
 64886 | Vaults:2 | Received a gift from Okawaru
 64981 | Vaults:2 | Found Xatzysi's Magic Scroll Boutique.
 64996 | Vaults:2 | Bought a scroll of enchant armour for 112 gold pieces
 64996 | Vaults:2 | Bought a scroll of enchant armour for 112 gold pieces
 64996 | Vaults:2 | Bought a scroll of enchant armour for 112 gold pieces
 65002 | Vaults:2 | Bought a scroll of acquirement for 780 gold pieces
 65002 | Vaults:2 | Bought a scroll of acquirement for 780 gold pieces
 65005 | Vaults:2 | Acquired 1182 gold pieces
 65007 | Vaults:2 | Acquired the +17 crystal plate armour of Ornamental
                  | Miracles {rCorr Dex-2 SInv}
 65604 | Vaults:2 | Found a staircase to the Crypt.
 65854 | Crypt:1  | Entered Level 1 of the Crypt
 66328 | Vaults:3 | Identified the +5 ring mail of Jylidwy {rC+ Will+ Int-2}
 66413 | Vaults:3 | Noticed Timoen's ghost (adept GnDe)
 66415 | Vaults:3 | Found a runed translucent gate.
 66415 | Vaults:3 | Found a runed translucent gate.
 66415 | Vaults:3 | Found a runed translucent gate.
 68106 | Vaults:3 | Reached XP level 25. HP: 173/173 MP: 18/27
 68146 | Vaults:3 | Received a gift from Okawaru
 68175 | Vaults:3 | Killed Timoen's ghost
 68679 | Vaults:4 | Noticed Saint Roka
 68693 | Vaults:4 | Killed Saint Roka
 69185 | Vaults:4 | Reached skill level 27 in Polearms
 69240 | Vaults:4 | Identified the +2 pair of gloves "Kestin" {rF- rC+++ Regen+
                  | rCorr} (Okawaru gifted it to you on level 4 of the Vaults)
 69240 | Vaults:4 | Received a gift from Okawaru
 69739 | Vaults:4 | Identified the +2 ring mail of Negligence {Slay+5}
 69794 | Vaults:5 | Entered Level 5 of the Vaults
 69860 | Vaults:5 | Noticed an ancient lich
 69876 | Vaults:5 | Killed an ancient lich
 69996 | Vaults:5 | Found the brooch of Shielding {Spirit SH+8}
 70007 | Vaults:5 | Identified the ring of Lies {Fly rPois Slay+4}
 70097 | Vaults:5 | Identified the +1 pair of boots of Mycimipn {rC- Str+6}
                  | (Okawaru gifted it to you on level 5 of the Vaults)
 70097 | Vaults:5 | Received a gift from Okawaru
 70105 | Vaults:5 | Reached XP level 26. HP: 179/184 MP: 18/27
 70268 | Vaults:5 | Noticed an ancient lich
 70279 | Vaults:5 | Identified the +6 chain mail "Poabrane" {rElec Str-4 SInv}
 70290 | Vaults:4 | Killed an ancient lich
 70434 | Vaults:5 | Identified the ring of Uciasso {Fly rF+ MP+9 SInv Stlth+}
 71207 | Vaults:4 | Received a gift from Okawaru
 72129 | Vaults:5 | Identified the ring of Activism {rC+ EV+4 Str+2 Slay-4
                  | SInv}
 72254 | Vaults:5 | Got a silver rune of Zot
 72421 | Crypt:1  | Noticed Boris
 72429 | Crypt:1  | Killed Boris
 72987 | Crypt:2  | Received a gift from Okawaru
 73132 | Crypt:2  | Found a runed translucent door.
 73245 | Crypt:2  | Noticed Warufrag's ghost (veteran GrFi)
 73267 | Crypt:2  | Reached XP level 27. HP: 193/193 MP: 20/29
 73331 | Crypt:2  | Noticed Sojobo
 73624 | Crypt:2  | Killed Sojobo
 74077 | Crypt:3  | Entered Level 3 of the Crypt
 74343 | Crypt:3  | Identified the +2 mace "Godwuic" {protect, Fragile rF+
                  | Dex+4}
 74597 | Crypt:3  | Found a staircase to the Tomb.
 75207 | Crypt:3  | Found an ancient bone altar of Kikubaaqudgha.
 75400 | Crypt:3  | Noticed a dread lich
 75400 | Crypt:3  | Noticed a dread lich
 75410 | Crypt:3  | Killed a dread lich
 75414 | Crypt:3  | Killed a dread lich
 75414 | Crypt:3  | Received a gift from Okawaru
 75415 | Crypt:3  | Reached skill level 10 in Invocations
 75415 | Crypt:3  | Identified the ring "Pycvahur" {Fire Int+4 Dex+3}
 76279 | Depths:3 | Voluntarily entered the Abyss.
 76327 | Abyss:3  | Found a corrupted altar of Lugonu.
 76730 | Abyss:4  | Identified the +5 morningstar of Deformation {vorpal, rF-
                  | Str+2 Stlth+} (Okawaru gifted it to you on level 4 of the
                  | Abyss)
 76730 | Abyss:4  | Received a gift from Okawaru
 76768 | Abyss:4  | Gained mutation: You are dopey. (Int -2) [a neqoxec]
 76787 | Abyss:4  | Gained mutation: You do not regenerate when monsters are
                  | visible. [a neqoxec]
 76823 | Abyss:4  | Paralysed by accursed screaming for 2 turns
 76868 | Abyss:5  | Entered Level 5 of the Abyss
 76871 | Abyss:5  | Found a corrupted altar of Lugonu.
 77045 | Abyss:5  | Paralysed by accursed screaming for 1 turns
 77115 | Abyss:5  | Gained mutation: You are occasionally teleported next to
                  | monsters. [a neqoxec]
 77117 | Abyss:5  | Lost mutation: You do not regenerate when monsters are
                  | visible. [a neqoxec]
 77224 | Abyss:5  | Identified the +5 great sword "Faruj" {vorpal, rPois rN+
                  | Int+2}
 77239 | Depths:3 | Escaped the Abyss
 77289 | Depths:3 | Voluntarily entered the Abyss.
 77298 | Abyss:1  | Reached skill level 15 in Shields
 77608 | Abyss:2  | Noticed an ancient lich
 77659 | Abyss:2  | Killed an ancient lich
 77874 | Abyss:3  | Found a corrupted altar of Lugonu.
 77899 | Abyss:3  | Gained mutation: You occasionally shout uncontrollably at
                  | your foes. [a cacodemon]
 78048 | Abyss:3  | Received a gift from Okawaru
 78049 | Abyss:3  | Found the +8 trident of the Octopus King {venom, rElec
                  | rPois Will+}
 78159 | Abyss:3  | Noticed a dread lich
 78182 | Abyss:3  | Killed a dread lich
 78216 | Abyss:3  | Noticed a dread lich
 78244 | Abyss:3  | Killed a dread lich
 78304 | Abyss:3  | Found a transporter.
 78304 | Abyss:3  | Identified the ring of Wulufar {rC+ rCorr Int+5}
 78305 | Abyss:3  | Found a corrupted altar of Lugonu.
 78305 | Abyss:3  | Found a transporter.
 78325 | Abyss:3  | Identified the ring "Mifefon" {rC+ Int+2}
 78674 | Abyss:3  | Found a hazy altar of Hepliaklqana.
 78677 | Abyss:3  | Found a corrupted altar of Lugonu.
 78895 | Abyss:3  | Received a gift from Okawaru
 79259 | Abyss:4  | Paralysed by accursed screaming for 1 turns
 79275 | Abyss:4  | Paralysed by accursed screaming for 2 turns
 79405 | Abyss:5  | Entered Level 5 of the Abyss
 79626 | Abyss:5  | Found a stormy altar of Qazlal.
 79875 | Abyss:5  | Found a corrupted altar of Lugonu.
 80043 | Depths:3 | Escaped the Abyss
 80575 | Zot:1    | Entered Level 1 of the Realm of Zot
 80973 | Zot:1    | Received a gift from Okawaru
 82100 | Zot:2    | Noticed an orb of fire
 82102 | Zot:2    | Gained mutation: You sometimes lose the ability to read
                  | scrolls when taking damage. [an orb of fire]
 82107 | Zot:2    | Killed an orb of fire
 82787 | Zot:2    | Received a gift from Okawaru
 82788 | Zot:2    | Reached skill level 27 in Fighting
 82807 | Zot:3    | Received a gift from Okawaru
 83484 | Zot:3    | Found the ring of the Octopus King
 83556 | Zot:3    | Identified the +9 spear "Impslayer" {pain, rC+ Int+2}
 83561 | Zot:3    | Identified the +8 dire flail of Ferocious Absolution
                  | {freeze, rPois rC- rN+ Str+3}
 83596 | Zot:3    | Identified the +4 dire flail of Eternal Harmony {drain,
                  | Str+2 SInv}
 83616 | Zot:3    | Identified a ring of the Octopus King {AC+1 EV+1 Str+1
                  | Int+1 Dex+1 SInv}
 83620 | Zot:3    | Identified the ring "Dacrion" {rPois rN+ Will+ Str-5}
 83622 | Zot:3    | Identified the +4 dagger of Unpleasantness {venom, rElec
                  | Will++ Str-5 Stlth+}
 83687 | Zot:3    | Identified the +1 robe of the Moon {rN+ Will+ Dex-5 Stlth+}
 84019 | Zot:4    | Received a gift from Okawaru
 85049 | Zot:5    | Entered Level 5 of the Realm of Zot
 85064 | Zot:5    | Identified the +8 spear "Ostraoj" {elec, Contam Int+3 Dex+3
                  | Stlth+} (Okawaru gifted it to you on level 5 of the Realm
                  | of Zot)
 85064 | Zot:5    | Received a gift from Okawaru
 85142 | Zot:5    | HP: 2/298 [Orb Guardian (17)]
 85144 | Zot:5    | Demolished by an Orb Guardian

Illustrated notes

Levels and vault maps discovered:
D:1:      erik_arrival_cave_to_civilisation [erik_arrival_cave_to_hall],
          layout_basic
D:2:      layout_loops_cross, basic_altar, ebering_ecumenical_altar_abandoned,
          uniq_terence
D:3:      layout_basic, nicolae_overflow_hidden_temple, serial_shops,
          nicolae_shop_waterfront, uniq_robin
D:4:      wander_river, layout_basic, minmay_overflow_temple_star_hex,
          ebering_ghost_gozag, serial_shops, nicolae_shop_behind_doors,
          hangedman_abyss_or_decor_passed, hangedman_decor_lopped
D:5:      layout_basic, lemuel_coloured_pillars_altar,
          minmay_temple_entry_overgrown,
          hangedman_abyss_or_decor_jellyfish_corner, lightli_minifort
D:6:      layout_loops_ring, overflow_temple_1_default
D:7:      layout_rooms, nicolae_island_escapes, uniq_pikel
D:8:      layout_cave_pools, dpeg_lair_monsters, special_room
          [special_room_orc], uniq_grum, uniq_psyche, uniq_maggie
D:9:      layout_loops_ring, lemuel_tele_altar, david_orc_3, serial_shops,
          nicolae_shop_stone
D:10:     layout_rooms, good_gods_temple_1
D:11:     layout_stronghold, uniq_josephine, uniq_fannar
D:12:     layout_loops_ring, uniq_erolcha
D:13:     evilmike_horseshoe, layout_basic, portal_ice_cave_entry_imps
D:14:     layout_roguey, david_vaults_2
D:15:     gammafunk_depths_entry_grave, layout_stronghold,
          nemelex_xobeh_ov_fountains_minmay, uniq_louise, uniq_nessos,
          uniq_roxanne
Temple:   jpeg_temple_island
Lair:1:   beast_lair_carwin_large_2, layout_gridlike, lemuel_fruit_tree,
          infiniplex_staircase_pool
Lair:2:   layout_cave_pods, gammafunk_ghost_necromancy,
          chequers_serial_rivers_room_a, nicolae_quartered_pool_little,
          uniq_sonja
Lair:3:   statuecave_lemuel, layout_cave_shapes, minmay_shoals_entry_centaurs,
          special_room [special_room_bee], disabler_island, lemuel_fruit_fields,
          grunt_megastairs_3
Lair:4:   layout_cave_pods, minmay_snake_entry_six_corridors
Lair:5:   layout_regular_city, gauntlet_entry_generic, serial_bayou_ford_a
Lair:6:   minmay_lair_end_enchanted_forest, layout_gridlike, slime_altar_2,
          lemuel_fruit_fields
Shoals:1: layout_shoals, yaktaur_hedge
Shoals:2: layout_shoals, uniq_polyphemus
Shoals:3: gammafunk_sealed_arena, layout_shoals, gammafunk_ghost_split,
          hangedman_shoals_cup_caves
Shoals:4: shoals_end_grunt_ice, layout_shoals
Snake:1:  layout_misc_corridors, basic_altar, minmay_shop_star
Snake:2:  nrook_guardian_serpent_snake_passage, layout_cave_pods, serial_shops,
          nicolae_shop_temple_entry_statues_fountains, special_room, uniq_aizul,
          uniq_frances
Snake:3:  layout_grid_shapes
Snake:4:  snake_pit, layout_cave_pods, drop_trap
Orc:1:    layout_caves, statue_in_the_mist_lemuel
Orc:2:    st_orc_open, layout_diamond_mine, lemuel_statue_altar,
          nicolae_orc_lost_temple
Elf:1:    layout_rooms, serial_shops, shop, minmay_elf_sorcery,
          nicolae_elf_glass_and_crystal_pillar_2, drop_trap
Elf:2:    layout_loops_corners, basic_altar, serial_shops, shop
Elf:3:    minmay_elf_hall_statues, layout_gridlike
Vaults:1: hangedman_vaults_slice, hangedman_vaults_river_flow,
          hangedman_vaults_stretched_pinwheel, vaults_room_fancy_cross,
          vaults_room_grunt_arrival_ludios, vaults_mumra_lcd,
          hangedman_vaults_slice, v_misc_13, nicolae_vaults_network_s,
          ontoclasm_vaults_hangar, layout_vaults_chaotic_city
Vaults:2: blue_anna_dwarven_crypt, vaults_dpeg_diagonal, vaults_dpeg_ring,
          nicolae_vaults_ring_of_whatevers, vaults_mumra_minichess, v_misc_27,
          ontoclasm_vaults_ligature, hangedman_vaults_stream,
          nicolae_vaults_network_periphery, v_rooms_1,
          nicolae_vaults_back_hallway, hangedman_vaults_variations,
          layout_vaults_omnibox, serial_shops, nicolae_shop_trees
Vaults:3: gammafunk_vaults_ghost_split, hangedman_vaults_stagger,
          vaults_mumra_minichess_inversion, nicolae_vaults_ring_of_whatevers,
          v_alt_pattern_1, ontoclasm_vaults_ring_small, v_alt_pattern_6,
          v_misc_12, v_misc_11, grunt_vaults_twisty, layout_vaults_maze_bifur
Vaults:4: hangedman_vaults_unwind, ontoclasm_vaults_spin, v_misc_19,
          vaults_room_guarded_vault, hangedman_vaults_slice,
          grunt_vaults_funnel, hangedman_vaults_nails,
          ontoclasm_vaults_ring_square, v_alt_pattern_6,
          ontoclasm_vaults_shuriken, vaults_room_hallway, layout_vaults_ring,
          uniq_saint_roka
Vaults:5
Crypt:1:  layout_basic
Crypt:2:  layout_gridlike, ebering_ghost_reflecting_pool, grunt_megastairs_2,
          uniq_sojobo
Crypt:3:  evilmike_haunted_forest
Depths:1: layout_long_grid, chequers_serial_rivers_room_a, hell_entry,
          ashenzari_altar_1, grunt_megastairs_4, kennysheep_random_hallway,
          minmay_shop_grove
Depths:2: evilmike_diamond_1, layout_cave_pools, roderic_lattice_a,
          grunt_metal_band, infiniplex_staircase_diamond
Depths:3: minmay_guarded_unrand_guard, layout_cave_shapes, hell_entry,
          cheibriados_altar_1, minmay_room_of_horrors, grunt_pan_entry_zigzag,
          corexii_hall_statues_s, led_sif_pool
Depths:4: cheibrodos_tormentor_scu, layout_basic, abyss_entry, hell_entry,
          hangedman_abyss_or_decor_stagger, pan_entry
Depths:5: evilmike_zot_entry_argh, layout_gridville, enter_ziggurat_f,
          pan_entry, hell_entry, roderic_serpentine_path,
          nicolae_qazlal_scattered_showers, uniq_boris
Hell
Zot:1:    layout_cellular_growth
Zot:2:    layout_twisted_circle
Zot:3:    layout_misc_corridors, st_large_dragon_hoard_2
Zot:4:    layout_cathedral_of_symmetry
Zot:5:    layout_gridlike

Skill      XL: |  1  2  3  4  5  6  7  8  9 10 11 12 13 14 15 16 17 18 19 20 21 22 23 24 25 26 27 |
---------------+----------------------------------------------------------------------------------+-----
Armour         | 1 2 3 4 5 6 7 8 9 10 11 12 13 14 15 16 17 18 19 23 | 23.9
Fighting       | 4 5 6 7 8 9 11 12 13 14 15 16 17 18 19 20 22 23 25 27 | 27.0
Maces & Flails | 4 5 6 |  6.3
Dodging        | 3 4 |  4.4
Shields        | 1 2 4 5 6 7 8 9 10 11 12 13 19 | 19.4
Polearms       | 1 4 6 8 11 12 14 15 17 18 19 21 22 23 24 25 26 27 | 27.0
Invocations    | 3 5 6 8 14 | 14.1
Throwing       | 1 |  1.2
Stealth        | |  2.3

Action                   |  1- 3 |  4- 6 |  7- 9 | 10-12 | 13-15 | 16-18 | 19-21 | 22-24 | 25-27 || total
-------------------------+-------+-------+-------+-------+-------+-------+-------+-------+-------++-------
Melee: Whip              |    92 |   161 |    30 |       |       |       |       |       |       ||   283
       Spear             |       |       |   311 |   119 |       |       |       |       |   478 ||   908
       Glaive            |       |       |       |   397 |   830 |   252 |       |       |       ||  1479
       Bardiche          |       |       |       |   112 |       |  1002 |  1063 |  1406 |  2066 ||  5649
       Trident           |       |       |       |       |       |       |       |       |  1181 ||  1181
Throw: Boomerang         |       |       |     1 |    11 |       |       |       |       |       ||    12
       Javelin           |       |       |       |       |       |     1 |       |       |     2 ||     3
Invok: Heroism           |       |       |     1 |     1 |     1 |     4 |    13 |     8 |    19 ||    47
       Finesse           |       |       |       |       |       |       |       |     1 |       ||     1
  Use: Scroll            |       |     6 |    10 |     8 |     8 |     5 |     5 |    11 |    30 ||    83
       Potion            |       |       |     6 |     5 |     1 |     4 |     3 |       |    11 ||    30
 Stab: Invisible         |       |       |       |     1 |       |       |       |       |     2 ||     3
       Distracted        |       |       |       |       |     5 |     5 |     1 |       |       ||    11
Armor: Robe              |     9 |       |       |       |       |       |       |       |       ||     9
       Chain mail        |    36 |   110 |    71 |       |   116 |   431 |       |       |       ||   764
       Ring mail         |     5 |       |       |       |       |       |       |       |       ||     5
       Plate armour      |       |       |   185 |   872 |   421 |   346 |   584 |    54 |       ||  2462
       Gold dragon scale |       |       |       |       |       |       |       |   444 |       ||   444
       Crystal plate arm |       |       |       |       |       |       |       |   183 |  2934 ||  3117
Dodge: Dodged            |    32 |    33 |   107 |   429 |   379 |   729 |   404 |   426 |  1325 ||  3864
Block: Buckler           |     1 |    22 |    78 |     7 |       |       |       |       |       ||   108
       Other             |       |       |       |       |    25 |   240 |   152 |   174 |   442 ||  1033
       Reflection        |       |       |       |       |     5 |    21 |    21 |    10 |    50 ||   107
       Kite shield       |       |       |       |       |       |       |       |       |  2797 ||  2797

Table legend: (Time is in decaauts)
 A = Elapsed time spent in this place.
 B = Non-inter-level travel time spent in this place.
 C = Inter-level travel time spent in this place.
 D = Time resting spent in this place.
 E = Time spent auto-exploring this place.
 F = Levels seen in this place.
 G = Mean time per level.
                   A        B        C        D        E       F      G
               +--------+--------+--------+--------+--------+-----+--------+
         Total |  83448 |  77658 |   5790 |  26376 |  25896 |  66 | 1264.4 |
       Dungeon |  18913 |  16524 |   2389 |   4842 |   8175 |  15 | 1260.9 |
        Temple |    337 |    311 |     26 |      0 |    269 |   1 |  337.0 |
          Lair |  10016 |   8740 |   1276 |   2820 |   4056 |   6 | 1669.3 |
        Shoals |   8098 |   7948 |    150 |   3930 |   2518 |   4 | 2024.5 |
     Snake Pit |   6416 |   6136 |    280 |   2626 |   1729 |   4 | 1604.0 |
  Orcish Mines |   1594 |   1447 |    147 |    374 |    804 |   2 |  797.0 |
   Elven Halls |   5614 |   5418 |    196 |   2212 |    884 |   3 | 1871.3 |
        Vaults |  10088 |   9614 |    474 |   3164 |   2105 |   5 | 2017.6 |
         Crypt |   3400 |   3253 |    147 |    422 |    993 |   3 | 1133.3 |
        Depths |  10483 |   9926 |    557 |   4579 |   1907 |   5 | 2096.6 |
          Hell |     37 |     37 |      0 |      0 |      0 |   1 |   37.0 |
           Zot |   4243 |   4099 |    144 |    469 |   2448 |   5 |  848.6 |
         Abyss |   3208 |   3208 |      0 |    484 |      0 |  10 |  320.8 |
      Ice Cave |    225 |    225 |      0 |     26 |      0 |   1 |  225.0 |
      Gauntlet |    772 |    772 |      0 |    425 |      8 |   1 |  772.0 |
               +--------+--------+--------+--------+--------+-----+--------+

Top non-repeatable levels by time:
Depths:2: 2930 daAuts
Shoals:4: 2872 daAuts
Depths:3: 2538 daAuts
  Lair:3: 2515 daAuts
   Elf:2: 2498 daAuts
Shoals:3: 2442 daAuts
Vaults:4: 2437 daAuts
  Lair:1: 2306 daAuts
Vaults:2: 2258 daAuts
Vaults:3: 2231 daAuts
     D:7: 2171 daAuts
   Elf:3: 2128 daAuts
 Snake:4: 1996 daAuts
 Snake:3: 1913 daAuts
Depths:5: 1902 daAuts
